 Dungeon Sprint DCSS version 0.17-a0-1830-g81820eb (webtiles) character file.

72335 Kidiri the Tortoise (level 14, -7/96 HPs)
             Began as a Gargoyle Fighter on Sept 13, 2015.
             Was the Champion of Trog.
             Killed from afar by Frederick (27 damage)
             ... with a bolt of cold
             ... in the Dungeon (Sprint III: "The Ten Rune Challenge").
             The game lasted 01:08:56 (6851 turns).

Kidiri the Tortoise (Gargoyle Fighter)              Turns: 6851, Time: 01:08:56

Health: -7/96      AC: 36    Str: 17    XL:     14   Next: 28%
Magic:  15/15      EV: 18    Int:  9    God:    Trog [******]
Gold:   751        SH: 28    Dex: 15    Spells: 0 memorised, 13 levels left

rFire  + + .     SeeInvis .     j - +11 eveningstar of Negun {speed, rElec rPois Str-3}
rCold  + . .     Clarity  +     u - +3 scale mail "Peyliame" {rPois rF+ rN+ Dex+2}
rNeg   + + +     SustAt   +     C - +6 large shield of Ignorance {rN+ AC+2 EV+2 Int-6 *Curse}
rPois  ∞         Gourm    .     l - +1 helmet
rElec  +         Spirit   .     k - +1 cloak "Taxugao" {rN+ Int+3}
rCorr  .         Warding  .     (no gloves)
rMut   .         NoTele   +     c - +1 pair of boots {Fly}
MR     +++..                    (no amulet)
Stlth  ..........               (no ring)
                                I - ring of Ynuo {SustAt rPois rC+ Int+2}

@: flying, very slightly contaminated, regenerating, extremely resistant to
hostile enchantments, extremely unstealthy
A: big wings, icy blue scales 1, clarity, fire resistance 1, high mp 1, negative
energy resistance 1, shaggy fur 1, electricity resistance, unbreathing,
petrification resistance, rot immunity, AC +9
a: Stop Flying, Burn Spellbooks, Berserk, Trog's Hand, Brothers in Arms,
Renounce Religion
}: 2/10 runes: decaying, barnacled


You were in the Dungeon.
You worshipped Trog.
Trog was exalted by your worship.
You were not hungry.

You visited 1 branch You collected 3555 gold pieces.
You spent 2804 gold pieces at shops.

Inventory:

Hand weapons
 e - a +1 antimagic demon whip
 j - the +11 eveningstar of Negun (weapon) {speed, rElec rPois Str-3}
   (You found it in the Dungeon)

   Attacks with this weapon are significantly faster.
   It affects your strength (-3).
   It insulates you from electricity.
   It protects you from poison.
Missiles
 g - 6 throwing nets (quivered)
 n - 13 steel javelins
Armour
 c - a +1 pair of boots of flying (worn)
 k - the +1 cloak "Taxugao" (worn) {rN+ Int+3}
   (You bought it in a shop in the Dungeon)

   It affects your intelligence (+3).
   It protects you from negative energy.
 l - a +1 helmet (worn)
 u - the +3 scale mail "Peyliame" (worn) {rPois rF+ rN+ Dex+2}
   (You bought it in a shop in the Dungeon)

   It affects your dexterity (+2).
   It protects you from fire.
   It protects you from poison.
   It protects you from negative energy.
 y - a fire dragon hide {Xtahua}
 C - the +6 large shield of Ignorance (worn) {rN+ AC+2 EV+2 Int-6 *Curse}
   (You bought it in a shop in the Dungeon)

   It affects your AC (+2).
   It affects your evasion (+2).
   It affects your intelligence (-6).
   It protects you from negative energy.
   It may re-curse itself when equipped.
Jewellery
 I - the ring of Ynuo (left hand) {SustAt rPois rC+ Int+2}
   (You acquired it in the Dungeon)

   [ring of sustain attributes]

   It sustains your strength, intelligence and dexterity.
   It affects your intelligence (+2).
   It protects you from cold.
   It protects you from poison.
Magical devices
 x - a wand of flame (21)
Scrolls
 o - 3 scrolls of torment
 p - 9 scrolls of identify
 q - a scroll of recharging
 D - a scroll of fear
 F - a scroll of fog
Potions
 d - a potion of might
 f - a potion of curing
 h - a potion of haste
 i - 2 potions of magic
 m - a potion of brilliance
 s - 3 potions of cure mutation
 w - 2 potions of resistance
Comestibles
 b - 6 chunks of flesh
 r - 23 royal jellies
 A - 6 fruits


   Skills:
 + Level 14.9 Fighting
 * Level 18.6 Maces & Flails
 * Level 20.2 Armour
 + Level 11.7 Dodging
 * Level 20.1 Shields


You had 13 spell levels left.
You didn't know any spells.

Dungeon Overview and Level Annotations

Branches:
Dungeon (1/1)

Altars:
Cheibriados
Dithmenos
Elyvilon
Fedhas
Gozag
Kikubaaqudgha
Makhleb
Nemelex Xobeh
Okawaru
Qazlal
Ru
Sif Muna
Trog
Vehumet
Xom
Yredelemnul
Zin
The Shining One
Jiyva
Lugonu

Shops:
D [?=[[%=[}=!(:[[%?[[

Annotations:
D Frederick


Innate Abilities, Weirdness & Mutations

You are resistant to torment.
Your stone body is resilient (AC +9).
You are immune to poison.
Your large and strong wings let you fly indefinitely.
You resist negative energy.
You are resistant to electric shocks.
You can survive without breathing.
You are immune to petrification.
You are immune to rotting.
You are partially covered in icy blue scales (AC +1).
You possess an exceptional clarity of mind.
Your flesh is heat resistant.
You have an increased reservoir of magic (+10% MP).
You are covered in fur (AC +1).


Message History

The orb of energy hits you!
Ouch! That really hurt!
* * * LOW HITPOINT WARNING * * *
You see here a glowing shapeshifter corpse.
Drink which item? (? for menu, Esc to quit)
Okay, then.
Read which item? (? for menu, Esc to quit)
Blink to where?
Press: ? - help, Dir - move target cursor You are very lightly contaminated with residual magic.
As you read the scroll of blinking, it crumbles to dust.
Your hill giant is engulfed in spectral mist.
Your hill giant closely misses the spellforged servitor.
The spellforged servitor is engulfed in spectral mist.
The spellforged servitor points at you and mumbles some strange words.
The orb of energy hits you!
The orb of energy explodes!
Frederick is engulfed in spectral mist.
Frederick casts a spell at you. The bolt of cold hits you! You resist.
You die...

.......#*,,,,,,,*,,,,,,,,,*
.......#*******,*,,,,,,,,,*
......)#*,,,,,,,*,,,,,,,,,*
###############+###########
#########.#§C§#.#..§§§§.≈.#
≈##≈.≈≈≈#.§§§8..#≈§≈§§≈≈≈≈#
≈#≈.≈#§≈#.#§#@§.#§§§.§.§..#
≈##.##≈≈#.§#§#..#§§.§....§#
≈≈###≈§≈#.#.....@§§...§...#
≈§§§≈≈≈≈################'##
.§§≈§≈≈§#...#)..#}.#.....)#
##§§§§≈≈#...#...#..#......#
.#.§§§≈§##+###+##..#......#
§###≈≈###.......+..#......#
.+§#.##.#.#####.####......#
######..'.#)..+.#(.'......#
.....'..#######.'..#......#


You could see Frederick and a friendly hill giant (berserk).

Vanquished Creatures
  Xtahua (D)
  Rupert (D)
  Frances (D)
  Polyphemus (D)
  Chuck (D)
  Ilsuiw (D)
  Maud (D)
  Azrael (D)
  A merfolk javelineer (D)
  2 fire dragons (D)
  3 yaktaur captains (D)
  2 hydras (D)
  A centaur warrior (D)
  Erolcha (D)
  4 death yaks (D)
  2 orc high priests (D)
  A dancing weapon (D)
  A skeletal warrior (D)
  A deep elf knight (D)
  A sea snake (D)
  A spriggan druid (D)
  2 deep elf summoners (D)
  A death drake (D)
  An obsidian statue (D)
  A lindwurm (D)
  2 deep elf conjurers (D)
  A swamp dragon (shapeshifter) (D)
  A hornet (shapeshifter) (D)
  A crystal guardian (D)
  An elephant (D)
  2 black mambas (D)
  2 spiny frogs (D)
  A fire drake (D)
  2 yaktaurs (D)
  A komodo dragon (D)
  A deep elf priest (D)
  4 spriggan defenders (D)
  A queen bee (D)
  3 wandering mushrooms (D)
  8 blink frogs (D)
  2 spriggans (D)
  2 trapdoor spiders (D)
  4 redbacks (D)
  A shadow (D)
  2 slime creatures (D)
  2 hill giants (D)
  A spatial vortex (D)
  A swamp drake (D)
  An orc warrior (D)
  A necrophage (D)
  2 brain worms (D)
  3 two-headed ogres (D)
  A water elemental (D)
  32 killer bees (D)
  An orc wizard (D)
  A jelly (D)
  4 orc priests (D)
  A wizard (D)
  A wolf (D)
  Jessica (D)
  3 sheep (D)
  A necromancer (D)
  3 humans (D)
  A kobold demonologist (D)
  2 oozes (D)
  7 orcs (D)
  A rat (D)
  7 bushes (D)
  16 plants (D)
170 creatures vanquished.

Vanquished Creatures (collateral kills)
  Gastronok (D)
  Wiglaf (D)
  2 dire elephants (D)
  A hydra (D)
  A ghost crab (shapeshifter) (D)
  3 dancing weapons (D)
  3 crystal guardians (D)
  An orc knight (D)
  An elephant (D)
  2 orc priests (D)
  3 orcs (D)
19 creatures vanquished.

Vanquished Creatures (others)
  2 draconian scorchers (D)
  2 fire drakes (D)
  3 yaktaurs (D)
  An electric eel (D)
  An orc priest (D)
  A giant eyeball (D)
  A bush (D)
  5 plants (D)
16 creatures vanquished.

Grand Total: 205 creatures vanquished

Notes
Turn   | Place    | Note
--------------------------------------------------------------
     0 | D        | Kidiri the Gargoyle Fighter began the quest for the Orb.
     0 | D        | Reached XP level 1. HP: 14/14 MP: 1/1
    10 | D        | Reached skill level 4 in Armour
    10 | D        | Reached skill level 1 in Dodging
    10 | D        | Reached XP level 2. HP: 17/20 MP: 2/2
    60 | D        | Noticed Jessica
    66 | D        | Killed Jessica
    66 | D        | Reached XP level 3. HP: 24/24 MP: 3/3
   139 | D        | Killed a white draconian scorcher
   148 | D        | Noticed a wolf
   150 | D        | Reached skill level 5 in Armour
   150 | D        | Reached skill level 5 in Shields
   154 | D        | Killed a wolf
   154 | D        | Reached XP level 4. HP: 26/30 MP: 4/4
   210 | D        | Killed a white draconian scorcher
   266 | D        | Gained mutation: Your flesh is heat resistant. [potion of mutation]
   266 | D        | Gained mutation: You possess an exceptional clarity of mind. [potion of mutation]
   267 | D        | Gained mutation: You are partially covered in icy blue scales (AC +1). [potion of mutation]
   267 | D        | Gained mutation: You have an increased reservoir of magic (+10% MP). [potion of mutation]
   267 | D        | Gained mutation: You are covered in fur (AC +1). [potion of mutation]
   354 | D        | Noticed a water elemental
   363 | D        | Killed a water elemental
   363 | D        | Reached skill level 5 in Fighting
   363 | D        | Reached skill level 5 in Maces & Flails
   363 | D        | Reached skill level 6 in Armour
   363 | D        | Reached XP level 5. HP: 35/35 MP: 5/5
   410 | D        | Killed a fire drake
   429 | D        | Killed a yaktaur
   463 | D        | Found an iron altar of Okawaru.
   463 | D        | Found a bloodstained altar of Trog.
   463 | D        | Noticed a human
   465 | D        | Noticed a human
   515 | D        | Killed a human
   515 | D        | Reached skill level 7 in Armour
   515 | D        | Reached XP level 6. HP: 21/41 MP: 6/6
   537 | D        | Killed a human
   537 | D        | Reached skill level 8 in Armour
   537 | D        | Reached XP level 7. HP: 17/47 MP: 7/7
   545 | D        | Killed a fire drake
   644 | D        | Became a worshipper of Trog the Wrathful
   747 | D        | Found a radiant altar of Vehumet.
   747 | D        | Found a deep blue altar of Sif Muna.
   747 | D        | Found an ancient bone altar of Kikubaaqudgha.
   747 | D        | Noticed a wizard
   749 | D        | Acquired Trog's first power
   750 | D        | Killed a wizard
   751 | D        | Acquired Trog's second power
   778 | D        | Found a glowing silver altar of Zin.
   779 | D        | Found a glowing golden altar of the Shining One.
   779 | D        | Found a white marble altar of Elyvilon.
   779 | D        | Noticed a deep elf priest
   791 | D        | Killed a deep elf priest
   791 | D        | Reached skill level 9 in Armour
   816 | D        | Killed an electric eel
   847 | D        | Found a basalt altar of Yredelemnul.
   847 | D        | Found a snail-covered altar of Cheibriados.
   847 | D        | Found a blossoming altar of Fedhas.
   847 | D        | Noticed a necrophage
   847 | D        | Noticed a necromancer
   854 | D        | Killed a necrophage
   860 | D        | Killed a necromancer
   874 | D        | Noticed a jelly
   881 | D        | Killed a jelly
   899 | D        | Noticed a shadow
   909 | D        | Killed a shadow
   909 | D        | Reached skill level 10 in Armour
   909 | D        | Reached skill level 5 in Dodging
   909 | D        | Reached skill level 10 in Shields
   909 | D        | Reached XP level 8. HP: 53/53 MP: 8/8
  1035 | D        | Found a stormy altar of Qazlal.
  1036 | D        | Found a sacrificial altar of Ru.
  1036 | D        | Found a burning altar of Makhleb.
  1036 | D        | Found a viscous altar of Jiyva.
  1036 | D        | Found a shimmering altar of Xom.
  1036 | D        | Found a shadowy altar of Dithmenos.
  1036 | D        | Found a sparkling altar of Nemelex Xobeh.
  1036 | D        | Found a corrupted altar of Lugonu.
  1036 | D        | Found an opulent altar of Gozag.
  1036 | D        | Noticed a spatial vortex
  1049 | D        | Killed a spatial vortex
  1059 | D        | Noticed a two-headed ogre
  1059 | D        | Noticed a two-headed ogre
  1067 | D        | Killed a two-headed ogre
  1071 | D        | Killed a two-headed ogre
  1085 | D        | Noticed a two-headed ogre
  1128 | D        | Killed a two-headed ogre
  1223 | D        | Noticed a hill giant
  1238 | D        | Killed a hill giant
  1256 | D        | Noticed a hill giant
  1256 | D        | Noticed Erolcha
  1266 | D        | Killed Erolcha
  1266 | D        | Acquired Trog's third power
  1266 | D        | Reached skill level 10 in Maces & Flails
  1266 | D        | Reached skill level 11 in Armour
  1266 | D        | Reached XP level 9. HP: 60/60 MP: 9/9
  1269 | D        | Noticed a trapdoor spider
  1278 | D        | Killed a hill giant
  1311 | D        | Killed a trapdoor spider
  1312 | D        | Killed a yaktaur
  1330 | D        | Noticed a redback
  1350 | D        | Killed a redback
  1350 | D        | Reached skill level 12 in Armour
  1518 | D        | Noticed a trapdoor spider
  1532 | D        | Killed a trapdoor spider
  1631 | D        | Noticed a killer bee
  1631 | D        | Noticed a killer bee
  1631 | D        | Noticed a killer bee
  1631 | D        | Noticed a killer bee
  1631 | D        | Noticed a killer bee
  1631 | D        | Noticed a killer bee
  1631 | D        | Noticed a killer bee
  1631 | D        | Noticed a killer bee
  1631 | D        | Noticed a killer bee
  1631 | D        | Noticed a killer bee
  1631 | D        | Noticed a killer bee
  1631 | D        | Noticed a killer bee
  1631 | D        | Noticed a killer bee
  1631 | D        | Noticed a killer bee
  1631 | D        | Noticed a killer bee
  1632 | D        | Noticed a killer bee
  1633 | D        | Noticed a killer bee
  1633 | D        | Noticed a killer bee
  1633 | D        | Noticed a killer bee
  1634 | D        | Noticed a killer bee
  1635 | D        | Noticed a killer bee
  1636 | D        | Noticed a killer bee
  1637 | D        | Noticed a killer bee
  1637 | D        | Noticed a killer bee
  1639 | D        | Noticed a killer bee
  1640 | D        | Killed a killer bee
  1644 | D        | Noticed a killer bee
  1645 | D        | Noticed a killer bee
  1645 | D        | Noticed a killer bee
  1649 | D        | Killed a killer bee
  1650 | D        | Noticed a killer bee
  1652 | D        | Noticed a killer bee
  1653 | D        | Noticed a killer bee
  1656 | D        | Killed a killer bee
  1658 | D        | Noticed a queen bee
  1660 | D        | Noticed a killer bee
  1662 | D        | Killed a killer bee
  1662 | D        | Received a gift from Trog
  1666 | D        | Killed a killer bee
  1676 | D        | Killed a killer bee
  1682 | D        | Killed a killer bee
  1696 | D        | Killed a killer bee
  1708 | D        | Killed a killer bee
  1714 | D        | Killed a yaktaur
  1717 | D        | Killed a killer bee
  1723 | D        | Killed a killer bee
  1723 | D        | Received a gift from Trog
  1729 | D        | Killed a killer bee
  1733 | D        | Killed a killer bee
  1733 | D        | Reached XP level 10. HP: 60/66 MP: 11/11
  1734 | D        | Killed a killer bee
  1740 | D        | Killed a killer bee
  1749 | D        | Killed a killer bee
  1765 | D        | Killed a killer bee
  1769 | D        | Killed a killer bee
  1772 | D        | Killed a killer bee
  1772 | D        | Received a gift from Trog
  1779 | D        | Killed a killer bee
  1782 | D        | Killed a killer bee
  1786 | D        | Killed a killer bee
  1792 | D        | Killed a killer bee
  1805 | D        | Killed a killer bee
  1805 | D        | Reached skill level 13 in Armour
  1814 | D        | Killed a killer bee
  1820 | D        | Killed a killer bee
  1836 | D        | Killed a killer bee
  1843 | D        | Killed a killer bee
  1843 | D        | Received a gift from Trog
  1851 | D        | Killed a killer bee
  1858 | D        | Killed a killer bee
  1860 | D        | Killed a killer bee
  1867 | D        | Killed a killer bee
  1873 | D        | Killed a queen bee
  1997 | D        | Noticed a wandering mushroom
  2046 | D        | Killed a wandering mushroom
  2047 | D        | Noticed a wandering mushroom
  2049 | D        | Noticed a wandering mushroom
  2064 | D        | Killed a wandering mushroom
  2064 | D        | Reached skill level 10 in Fighting
  2073 | D        | Killed a wandering mushroom
  2096 | D        | Noticed a spiny frog
  2096 | D        | Noticed a komodo dragon
  2096 | D        | Noticed a spiny frog
  2102 | D        | Killed a spiny frog
  2121 | D        | Killed a spiny frog
  2121 | D        | Received a gift from Trog
  2132 | D        | Killed a komodo dragon
  2206 | D        | Noticed a redback
  2210 | D        | Noticed a brain worm
  2214 | D        | Killed a redback
  2214 | D        | Reached skill level 14 in Armour
  2224 | D        | Killed a brain worm
  2232 | D        | Noticed a brain worm
  2236 | D        | Killed a brain worm
  2241 | D        | Noticed a lindwurm
  2251 | D        | Noticed a redback
  2257 | D        | Killed a lindwurm
  2257 | D        | Reached XP level 11. HP: 49/73 MP: 4/12
  2261 | D        | Killed a redback
  2298 | D        | Noticed a redback
  2302 | D        | Killed a redback
  2372 | D        | Noticed Maud
  2406 | D        | Killed Maud
  2406 | D        | Received a gift from Trog
  2463 | D        | Noticed a five-headed hydra
  2463 | D        | Noticed a six-headed hydra
  2478 | D        | Killed a five-headed hydra
  2482 | D        | Killed a six-headed hydra
  2482 | D        | Reached skill level 15 in Armour
  2634 | D        | Noticed a death drake
  2657 | D        | Killed a death drake
  2657 | D        | Reached skill level 15 in Shields
  2666 | D        | Found a blossoming altar of Fedhas.
  2666 | D        | Noticed a spriggan
  2666 | D        | Noticed a spriggan druid
  2666 | D        | Noticed a spriggan
  2689 | D        | Killed a spriggan druid
  2692 | D        | Killed a spriggan
  2693 | D        | Killed a spriggan
  2731 | D        | Noticed Polyphemus
  2758 | D        | Killed Polyphemus
  2758 | D        | Received a gift from Trog
  2843 | D        | Noticed an elephant
  2844 | D        | Noticed Ilsuiw
  2969 | D        | Killed Ilsuiw
  2969 | D        | Reached skill level 16 in Armour
  2969 | D        | Reached XP level 12. HP: 81/81 MP: 4/13
  3047 | D        | Noticed a sea snake
  3058 | D        | Killed a sea snake
  3065 | D        | Killed an elephant
  3075 | D        | Found Ocsedyt's Antique Armour Emporium.
  3082 | D        | Found Uqaelim's Food Shop.
  3083 | D        | Found Lil Godd's Jewellery Shoppe.
  3084 | D        | Noticed a merfolk javelineer
  3119 | D        | Killed a merfolk javelineer
  3119 | D        | Reached skill level 15 in Maces & Flails
  3168 | D        | Got a barnacled rune of Zot
  3256 | D        | Noticed a swamp drake
  3256 | D        | Noticed a fire drake
  3258 | D        | Killed a fire drake
  3267 | D        | Killed a swamp drake
  3267 | D        | Received a gift from Trog
  3277 | D        | Noticed a blink frog
  3277 | D        | Noticed a blink frog
  3277 | D        | Noticed a blink frog
  3278 | D        | Noticed a blink frog
  3280 | D        | Noticed a blink frog
  3281 | D        | Killed a blink frog
  3283 | D        | Killed a blink frog
  3300 | D        | Killed a blink frog
  3301 | D        | Killed a blink frog
  3322 | D        | Killed a blink frog
  3322 | D        | Received a gift from Trog
  3354 | D        | Noticed Rupert
  3374 | D        | Killed Rupert
  3374 | D        | Reached skill level 17 in Armour
  3549 | D        | Noticed a death yak
  3550 | D        | Noticed a death yak
  3550 | D        | Noticed a blink frog
  3551 | D        | Noticed a death yak
  3552 | D        | Noticed a blink frog
  3553 | D        | Noticed a blink frog
  3553 | D        | Noticed a death yak
  3568 | D        | Killed a blink frog
  3570 | D        | Killed a death yak
  3579 | D        | Killed a death yak
  3584 | D        | Killed a death yak
  3591 | D        | Killed a death yak
  3591 | D        | Received a gift from Trog
  3623 | D        | Killed a blink frog
  3637 | D        | Noticed an azure jelly
  3637 | D        | Noticed a black mamba
  3637 | D        | Noticed an azure jelly
  3638 | D        | Noticed a black mamba
  3642 | D        | Killed a blink frog
  3642 | D        | Reached skill level 10 in Dodging
  3646 | D        | Killed a black mamba
  3651 | D        | Killed a black mamba
  3652 | D        | Noticed an azure jelly
  3652 | D        | Noticed an azure jelly
  3761 | D        | Found Ele Poel's Antique Armour Shoppe.
  3761 | D        | Found Catisipit's Magic Scroll Boutique.
  3761 | D        | Found Losu's Jewellery Emporium.
  3761 | D        | Noticed a fire dragon
  3785 | D        | Killed a fire dragon
  3883 | D        | Noticed a four-headed hydra
  3883 | D        | Noticed Xtahua
  3907 | D        | Killed Xtahua
  3907 | D        | Reached skill level 18 in Armour
  3907 | D        | Reached XP level 13. HP: 66/88 MP: 4/14
  3911 | D        | Killed a four-headed hydra
  3936 | D        | Got a decaying rune of Zot
  4076 | D        | Noticed an elephant
  4076 | D        | Noticed a dire elephant
  4076 | D        | Noticed a dire elephant
  4076 | D        | Noticed Gastronok
  4086 | D        | Killed Gastronok
  4086 | D        | Received a gift from Trog
  4090 | D        | Killed a dire elephant
  4092 | D        | Killed an elephant
  4097 | D        | Killed a dire elephant
  4224 | D        | Noticed Wiglaf
  4224 | D        | Noticed Frances
  4231 | D        | HP: 1/88 [Wiglaf/war axe of holy wrath (22)]
  4265 | D        | Killed Frances
  4299 | D        | Killed Wiglaf
  4453 | D        | Noticed an orc priest
  4454 | D        | Noticed an orc priest
  4454 | D        | Noticed an orc wizard
  4455 | D        | Noticed an orc warrior
  4455 | D        | Noticed an orc priest
  4455 | D        | Noticed an orc knight
  4455 | D        | Noticed an orc high priest
  4455 | D        | Noticed an orc priest
  4459 | D        | Killed an orc priest
  4460 | D        | Killed an orc priest
  4465 | D        | Killed an orc warrior
  4473 | D        | Killed an orc priest
  4480 | D        | Killed an orc knight
  4502 | D        | Killed an orc high priest
  4503 | D        | Killed an orc wizard
  4507 | D        | Killed an orc priest
  4515 | D        | Found Isushryst's Armour Shoppe.
  4651 | D        | Bought the +1 cloak "Taxugao" {rN+ Int+3} for 378 gold pieces
  4662 | D        | Noticed a deep elf conjurer
  4662 | D        | Noticed a deep elf conjurer
  4662 | D        | Noticed a deep elf knight
  4662 | D        | Noticed a deep elf summoner
  4662 | D        | Noticed a deep elf summoner
  4673 | D        | Killed a deep elf summoner
  4681 | D        | Killed a deep elf knight
  4688 | D        | Killed a deep elf conjurer
  4696 | D        | Killed a deep elf conjurer
  4696 | D        | Received a gift from Trog
  4697 | D        | Got a warped great mace {god gift}
  4723 | D        | Killed a deep elf summoner
  4762 | D        | Identified the +8 great mace of Undoing {holy, rF+ Dex+2} (Trog gifted it to you in the Dungeon)
  4875 | D        | Bought the cursed +6 large shield of Ignorance {rN+ AC+2 EV+2 Int-6 *Curse} for 1031 gold pieces
  5008 | D        | Bought a pair of boots for 90 gold pieces
  5014 | D        | Bought a scroll of fear for 45 gold pieces
  5014 | D        | Bought a scroll of identify for 26 gold pieces
  5014 | D        | Bought a scroll of blinking for 97 gold pieces
  5014 | D        | Bought a scroll of identify for 26 gold pieces
  5014 | D        | Bought a scroll of fog for 26 gold pieces
  5018 | D        | Bought a scroll of enchant armour for 97 gold pieces
  5155 | D        | Bought the +3 scale mail "Peyliame" {rPois rF+ rN+ Dex+2} for 638 gold pieces
  5207 | D        | Noticed an orc high priest
  5207 | D        | Noticed an orc priest
  5211 | D        | Noticed an orc priest
  5212 | D        | Noticed an orc priest
  5246 | D        | Killed an orc priest
  5256 | D        | Killed an orc high priest
  5260 | D        | Killed an orc priest
  5311 | D        | Noticed an obsidian statue
  5327 | D        | Killed an obsidian statue
  5350 | D        | Noticed a crystal guardian
  5350 | D        | Killed an orc priest
  5352 | D        | Noticed a crystal guardian
  5380 | D        | Killed a crystal guardian
  5380 | D        | Reached skill level 19 in Armour
  5391 | D        | Killed a crystal guardian
  5402 | D        | Noticed a crystal guardian
  5403 | D        | Noticed a crystal guardian
  5406 | D        | Killed a crystal guardian
  5425 | D        | Killed a crystal guardian
  5443 | D        | Found Xymiure's Antique Armour Shop.
  5443 | D        | Found Xelocyda's Armour Shoppe.
  5443 | D        | Found Ciejodae's Book Emporium.
  5443 | D        | Found Lutizut's Distillery.
  5443 | D        | Found Haniz's Antique Armour Emporium.
  5443 | D        | Found Tithrill's Armour Shop.
  5443 | D        | Found Waukla's Antique Weapon Boutique.
  5443 | D        | Found Jomimiyts's Jewellery Shoppe.
  5443 | D        | Found Uxogokko's Magic Scroll Emporium.
  5443 | D        | Found Xacux's Gadget Shop.
  5443 | D        | Found Lioman's Food Boutique.
  5443 | D        | Found Ciuts's Armour Emporium.
  5479 | D        | Bought a +0 helmet for 54 gold pieces
  5513 | D        | Bought a scroll of identify for 22 gold pieces
  5513 | D        | Bought a scroll of identify for 22 gold pieces
  5513 | D        | Bought a scroll of enchant armour for 82 gold pieces
  5513 | D        | Bought a scroll of identify for 22 gold pieces
  5524 | D        | Bought a pair of runed boots for 148 gold pieces
  5578 | D        | Noticed a spriggan defender
  5579 | D        | Noticed a spriggan defender
  5579 | D        | Noticed a spriggan defender
  5579 | D        | Noticed a spriggan defender
  5598 | D        | Killed a spriggan defender
  5610 | D        | Killed a spriggan defender
  5619 | D        | Killed a spriggan defender
  5638 | D        | Killed a spriggan defender
  5726 | D        | Noticed a water nymph
  5726 | D        | a water nymph changed into a giant orange brain
  5747 | D        | Received a gift from Trog
  5771 | D        | Noticed a centaur warrior
  5781 | D        | Killed a centaur warrior
  5816 | D        | Noticed a fire dragon
  5828 | D        | Killed a fire dragon
  5858 | D        | Noticed a battleaxe of freezing
  5858 | D        | Noticed an antimagic hand axe
  5858 | D        | Noticed a mace of venom
  5858 | D        | Noticed a dire flail of holy wrath
  5874 | D        | Killed a dire flail of holy wrath
  5875 | D        | Killed an antimagic hand axe
  5877 | D        | Killed a mace of venom
  5906 | D        | Killed a battleaxe of freezing
  5912 | D        | Got a transparent eveningstar
  5913 | D        | Identified the +11 eveningstar of Negun {speed, rElec rPois Str-3} (You found it in the Dungeon)
  6005 | D        | Noticed a yaktaur captain
  6005 | D        | Noticed a slime creature
  6009 | D        | Killed a slime creature
  6052 | D        | Killed a yaktaur captain
  6052 | D        | Gained mutation: Your large and strong wings let you fly indefinitely. [Gargoyle growth]
  6052 | D        | Reached XP level 14. HP: 96/96 MP: 15/15
  6236 | D        | Noticed a skeletal warrior
  6240 | D        | Killed a skeletal warrior
  6255 | D        | Noticed a yaktaur captain
  6312 | D        | Noticed a yaktaur
  6317 | D        | Killed a yaktaur
  6320 | D        | Noticed a yaktaur
  6320 | D        | Noticed a yaktaur captain
  6325 | D        | Killed a yaktaur captain
  6338 | D        | Killed a yaktaur
  6550 | D        | Killed a yaktaur captain
  6565 | D        | Noticed Azrael
  6572 | D        | Killed Azrael
  6572 | D        | Reached skill level 20 in Armour
  6600 | D        | Got a brightly glowing steel ring
  6601 | D        | Identified the ring of Ynuo {SustAt rPois rC+ Int+2} (You acquired it in the Dungeon)
  6671 | D        | Got a fine triple sword {god gift}
  6744 | D        | Noticed Chuck
  6744 | D        | Noticed a slime creature
  6751 | D        | Received a gift from Trog
  6754 | D        | Killed a slime creature
  6772 | D        | Killed Chuck
  6836 | D        | Noticed a boulder beetle
  6836 | D        | Noticed Frederick
  6836 | D        | a boulder beetle changed into a swamp dragon
  6851 | D        | Killed from afar by Frederick

Vault maps used:
D:        dungeon_sprint_mu

Action                   |  1- 3 |  4- 6 |  7- 9 | 10-12 | 13-15 || total
-------------------------+-------+-------+-------+-------+-------++-------
Melee: Flail             |    27 |    43 |   227 |    39 |       ||   336
       Demon whip        |       |       |       |   187 |   210 ||   397
       Mace              |       |       |       |    65 |       ||    65
       Eveningstar       |       |       |       |   203 |   151 ||   354
       Morningstar       |       |       |       |   122 |   100 ||   222
Throw: Throwing net      |       |       |       |     2 |       ||     2
Invok: Berserk           |       |       |     5 |     9 |     3 ||    17
       Trog's Hand       |       |       |     6 |    13 |    14 ||    33
       Burn Spellbooks   |       |       |     1 |       |     2 ||     3
       Brothers in Arms  |       |       |       |     3 |    12 ||    15
  Use: Potion            |       |     4 |       |       |     1 ||     5
       Scroll            |       |     1 |       |       |    14 ||    15
 Stab: Held in net/web   |       |       |       |     3 |       ||     3
  Eat: Chunk             |       |       |     9 |     9 |    17 ||    35
       Bread ration      |       |       |       |     1 |       ||     1
       Royal jelly       |       |       |       |     2 |       ||     2
       Fruit             |       |       |       |     2 |     1 ||     3
